 Dungeon Crawl Stone Soup version 0.27.1-1-g398f81649c (webtiles) character file.

Game seed: 16834315608676120125

19 MajorAdolf the Sneak (level 2, 0/27 HPs)
             Began as a Naga Wanderer on Sept 12, 2021.
             Slain by an adder (4 damage)
             ... on level 1 of the Dungeon.
             The game lasted 00:01:13 (821 turns).

MajorAdolf the Sneak (Naga Wanderer)                 Turns: 821, Time: 00:01:13

Health: 0/27       AC:  1    Str: 15    XL:     2   Next: 75%
Magic:  2/2        EV:  9    Int: 12    God:
Gold:   40         SH:  0    Dex:  9    Spells: 1/1 levels left

rFire    . . .     SeeInvis +   a - +2 mace
rCold    . . .     Faith    .   (no shield)
rNeg     . . .     Spirit   .   e - +0 robe
rPois    +         Reflect  .   (no helmet)
rElec    .         Harm     .   (no cloak)
rCorr    .         Rampage  .   (no gloves)
Will     .....                  (no barding)
Stlth    ++........             (no amulet)
HPRegen  0.09/turn              (no ring)
MPRegen  0.08/turn              (no ring)

@: short of breath, very slow
A: AC +0, large, see invisible, deformed body, poison resistance, slowness 2,
spit poison 1, naga tail 1
a: Spit Poison


You were on level 1 of the Dungeon.
You visited 1 branch of the dungeon, and saw 2 of its levels.

You collected 40 gold pieces.

Inventory:

Hand Weapons
 a - a +2 mace (weapon)
 b - a +0 shortbow
 f - a +0 dagger
Missiles
 c - 38 arrows
 i - 7 boomerangs (quivered)
Armour
 e - a +0 robe (worn)
Scrolls
 g - a scroll of immolation {unknown}
 h - 3 scrolls of identify {unknown}
 j - a scroll of enchant weapon {unknown}
 k - a scroll of teleportation {unknown}
Potions
 d - a potion of curing
 l - a potion of invisibility {unknown}


   Skills:
 + Level 2.6 Fighting
 - Level 2.0 Maces & Flails
 - Level 1.0 Throwing
 - Level 2.4 Armour
 - Level 4.4 Stealth


You had one spell level left.
You didn't know any spells.
Your spell library was empty.

Dungeon Overview and Level Annotations

Branches:
Dungeon (2/15)

Altars:


Innate Abilities, Weirdness & Mutations

Your serpentine skin is tough. (AC +0)
You have supernaturally acute eyesight. (SInv)
Armour fits poorly on your strangely shaped body.
Your system is resistant to poisons. (rPois)
You cover ground very slowly.
You can spit poison.
You have a snake-like lower body.


Message History

The adder bites you. The goblin barely misses you.
You climb upwards.
There is a stone staircase leading down here.
Unknown command.
You kill the goblin!
The adder bites you. The adder bites you.
You have got your breath back.
The adder closely misses you.
Press: ? - help, Shift-Dir - straight line, f - adder
Aim: an adder The splash of poison hits the adder.
The adder is moderately wounded.
The adder bites you. The adder barely misses you.
Unknown command.
You closely miss the adder.
The adder is moderately wounded.
The adder bites you.
You miss the adder.
The adder is moderately wounded.
The adder barely misses you. The adder bites you.
You hit the adder but do no damage.
The adder is moderately wounded.
The adder bites you but does no damage. The adder bites you.
* * * LOW HITPOINT WARNING * * *
You closely miss the adder.
The adder is moderately wounded.
You have got your breath back.
The adder bites you but does no damage.
Press: ? - help, Shift-Dir - straight line, f/p - adder
Aim: an adder (moderately wounded)
The splash of poison hits the adder.
The adder is poisoned.
The adder is severely wounded.
The adder barely misses you. The adder bites you.
* * * LOW HITPOINT WARNING * * *
Unknown command.
You miss the adder.
The adder is severely wounded.
The adder bites you.
You die...

###.....(.##############.#.##.#.#
......######................#.#.#
############.#.####.####......#.#
#.#...........# #.###.......#.#
##.#.#######.#.# #......)....#.#
.........# #.#.# #####.......#.#
####.###.# #.#.# ####.......#.#
#.# #.###.#.#####............#
#.###.......S@....##.......###
#.##........########.......#
#.##.####.#.# #.......#
#.##.###.)>.###########.####
###.##.##.................#
#..............############
##.#######.......# ...#
##......### #### ##.......#


You could see an adder (poisoned).

Vanquished Creatures
  A dart slug (D:1)
  3 ball pythons (D:1)
  An endoplasm (D:1)
  A giant cockroach (D:1)
  2 goblins (D:1)
  2 kobolds (D:1)
  A quokka (D:1)
  A frilled lizard (D:1)
  4 rats (D:1)
16 creatures vanquished.

Notes
Turn   | Place    | Note
-------+----------+-------------------------------------------
     0 | D:1      | MajorAdolf the Naga Wanderer began the quest for the Orb.
     0 | D:1      | MajorAdolf set off with the following items: a +2 mace, a
                  | +0 shortbow, 22 arrows, a potion of curing, a +0 robe, a +0
                  | dagger
     0 | D:1      | Reached XP level 1. HP: 18/18 MP: 1/1
   125 | D:1      | Reached XP level 2. HP: 23/26 MP: 2/2
   256 | D:1      | Found a faded altar of an unknown god.
   821 | D:1      | Slain by an adder

Illustrated notes

Levels and vault maps discovered:
D:1:      dpeg_arrival_oval, layout_loops_ring,
          hellmonk_ecumenical_altar_lost_god
D:2:      layout_rooms, uniq_crazy_yiuf_cottage, uniq_jessica

Skill      XL: |  1 |
---------------+----+-----
Fighting       | 2 |  2.6
Maces & Flails | |  2.0
Throwing       | |  1.0
Armour         | |  2.4
Stealth        | |  4.4

Action                   || total
-------------------------++-------
Melee: Mace              ||    19
Throw: Boomerang         ||    16
 Abil: Spit Poison       ||    10
 Stab: Sleeping          ||     1
Armor: Robe              ||     4
Dodge: Dodged            ||     9
